 Dungeon Crawl Stone Soup version 0.22-a0-40-g3d2f077 (webtiles) character file.

35233 gmonis the Tortoise (level 13, 0/124 HPs)
             Began as a Minotaur Berserker on Jan 4, 2018.
             Was a High Priest of Trog.
             Succumbed to barbed spike wounds
             ... on level 4 of the Lair of Beasts.
             The game lasted 01:40:29 (24307 turns).

gmonis the Tortoise (Minotaur Berserker)           Turns: 24307, Time: 01:40:29

Health: 0/124      AC:  0    Str: 24    XL:     13   Next: 46%
Magic:  12/12      EV: 18    Int:  5    God:    Trog [*****.]
Gold:   1241       SH:  0    Dex: 12    Spells: 12/12 levels left

rFire    . . .     SeeInvis .   (weapon currently unavailable)
rCold    . . .     Gourm    .   (shield currently unavailable)
rNeg     . . .     Faith    +   (armour currently unavailable)
rPois    .         Spirit   .   (helmet currently unavailable)
rElec    .         Reflect  .   (cloak currently unavailable)
rCorr    .         Harm     .   (gloves currently unavailable)
MR       ++...                  (boots currently unavailable)
Stlth    +.........             P - amulet of faith
HPRegen  1.30/turn              (ring currently unavailable)
MPRegen  0.13/turn              (ring currently unavailable)

@: pig-form, marked, barbed spikes, regenerating, very quick
A: small, (retaliatory headbutt)
a: Berserk, Trog's Hand, Brothers in Arms, Burn Spellbooks, Renounce Religion


You were on level 4 of the Lair of Beasts.
You worshipped Trog.
Trog was extremely pleased with you.
You were very hungry.
You were a filthy swine.
You visited 3 branches of the dungeon, and saw 19 of its levels.
You also visited: Ossuary.

You collected 1241 gold pieces.

Inventory:

Hand Weapons
 a - a +2 great mace of protection (melded)
 b - a +0 hunting sling
 m - a +1 mace
Missiles
 f - 689 stones (quivered)
Armour
 e - a +0 plate armour (melded)
 g - a +0 animal skin
 E - a +2 pair of gloves (melded)
 O - a +2 pair of boots (melded)
Jewellery
 k - a +5 ring of intelligence
 l - a +1 ring of evasion (melded)
 r - an uncursed ring of protection from fire
 H - an uncursed ring of positive energy {unknown}
 P - an amulet of faith (around neck)
 U - an uncursed ring of protection from magic
 X - a ring of poison resistance (melded)
Wands
 n - a wand of clouds (7)
 q - a wand of digging (53)
 w - a wand of polymorph (25)
 y - a wand of acid (11)
 S - a wand of flame (96)
 Z - a wand of paralysis (9)
Scrolls
 c - 3 scrolls of enchant armour
 d - 18 scrolls of identify
 o - 8 scrolls of teleportation
 p - 5 scrolls of enchant weapon
 t - a scroll of fog {unknown}
 F - 3 scrolls of fear {unknown}
 G - a scroll of random uselessness {unknown}
 I - a scroll of immolation {unknown}
 J - 3 scrolls of amnesia {unknown}
 M - 2 scrolls of silence {unknown}
 N - 3 scrolls of magic mapping
 T - 2 scrolls of vulnerability {unknown}
 V - a scroll of summoning {unknown}
 W - a scroll of remove curse
Potions
 h - 6 potions of curing
 i - 2 potions of cancellation {unknown}
 j - a potion of resistance {unknown}
 s - 3 potions of agility {unknown}
 u - 5 potions of flight
 v - 2 potions of might {unknown}
 x - 6 potions of mutation
 z - 2 potions of invisibility {unknown}
 A - 6 potions of berserk rage {unknown}
 B - 4 potions of haste
 D - 3 potions of ambrosia {unknown}
 K - 4 potions of degeneration {unknown}
 L - a potion of heal wounds
Books
 Q - a book of Ice

   Spells                             Type                      Level
   a - Ice Form                       Ice/Transmutation            4
   b - Metabolic Englaciation         Hexes/Ice                    5
   c - Ozocubu's Refrigeration        Ice                          6
   d - Bolt of Cold                   Conjuration/Ice              6
   e - Freezing Cloud                 Conjuration/Ice/Air          6
   f - Simulacrum                     Ice/Necromancy               6
   Trog disapproves of the use of such an item.
Comestibles
 C - 23 rations


   Skills:
 - Level 14.3 Fighting
 + Level 15.3 Maces & Flails
 - Level 15.8 Armour
 - Level 7.0 Dodging


You had 12 spell levels left.
You didn't know any spells.

Dungeon Overview and Level Annotations

Branches:
Dungeon (13/15)            Temple (1/1) D:6            Lair (5/6) D:8
  Swamp (0/4) Lair:2       Spider (0/4) Lair:4          Orc (0/2) D:10
  Slime: Lair:5-6    Vaults: D:13-14

Altars:
Ashenzari
Cheibriados
Dithmenos
Elyvilon
Fedhas
Gozag
Hepliaklqana
Kikubaaqudgha
Makhleb
Nemelex Xobeh
Okawaru
Qazlal
Ru
Sif Muna
Trog
Uskayaw
Vehumet
Wu Jian
Xom
Yredelemnul
Zin
The Shining One

Shops:
D:4 (   D:5 %   D:12 ?

Annotations:
Lair:4 Kirke


Innate Abilities, Weirdness & Mutations

((You reflexively headbutt those who attack you in melee.))
((You have a pair of horns on your head.))
((Your flesh is cold resistant. (rC+)))
((Your flesh is heat resistant. (rF+)))


Message History

You are feeling very hungry.
The manticore flicks its tail.
The volley of spikes misses you.
Kirke whispers, "Not even holy moly will save you."
You feel yourself speed up.
The manticore flicks its tail.
The volley of spikes hits you!
The barbed spikes become lodged in your body.
* * * LOW HITPOINT WARNING * * *
The barbs in your skin will harm you if you move.
Continue? [Y]es or [N]o only, please.
The barbs in your skin will harm you if you move.
Continue?
The barbed spikes dig painfully into your body as you move.
* * * LOW HITPOINT WARNING * * *
The manticore flicks its tail.
The volley of spikes hits you!
The barbed spikes become lodged in your body.
* * * LOW HITPOINT WARNING * * *
The barbed spikes dig painfully into your body as you move.
You die...

###### #...#####..## #.#
##P##.# ##...##.##...#
#.## .....##
#..÷HP##.#.### #..#
#..P## #..H.........#
#### #..## #....@.......#
...# #............# ...#
#...........## #..#
#..........>## #..#
#.[....h.....# #..#
#............# #..##
#...........### ### #..P#
##...........#^####.#####
...##
#...............@...>...#
.###
#####....#P..P.........P#
.## ##########.........##
..# #####..#..# .P# ###
###.###


You could see Kirke and 2 manticores.

Vanquished Creatures
  3 hydras
  6 two-headed ogres
  A catoblepas (Lair:3)
  An unseen horror (D:11)
  2 ugly things (D:11)
  A deep elf mage (D:12)
  The ghost of tof the Ducker, a novice GnMo of Okawaru (D:5)
  An elephant (Lair:5)
  6 spiny frogs
  A centaur skeleton (D:13)
  A kobold demonologist (D:11)
  3 rime drakes
  2 komodo dragons
  A polar bear (Lair:5)
  5 trolls
  Grinder (D:3)
  A slime creature (D:12)
  10 blink frogs
  9 hippogriffs
  Sigmund (D:6)
  2 wraiths
  18 yaks
  3 fire bats (Lair:1)
  A spriggan (D:8)
  3 wyverns
  Grum (D:11)
  3 basilisks
  4 vampire mosquitoes (D:11)
  3 hogs (Lair:4)
  Menkaure (D:4)
  2 hungry ghosts
  A soldier ant (D:12)
  7 water moccasins
  3 porcupines
  3 ice beasts
  3 orc warriors
  A sky beast (D:8)
  2 eyes of draining
  6 ogres
  11 wolves
  6 crocodiles
  13 centaurs
  Blork the orc (D:5)
  3 big kobolds
  The ghost of melvinkitnick the Sneak, an amateur SpEn (D:3)
  18 bullfrogs
  A gnoll sergeant (D:6)
  3 scorpions
  A water moccasin skeleton (D:7)
  6 killer bees (D:12)
  3 wights (D:12)
  2 vampire bats (D:5)
  2 electric eels (Lair:1)
  3 howler monkeys
  A bullfrog zombie (D:12)
  9 crimson imps
  A quasit (D:8)
  2 hounds
  3 jellies
  4 bullfrog skeletons
  A gnoll shaman (D:5)
  A human zombie (Ossuary)
  6 orc priests
  10 orc wizards
  8 iguanas
  Terence (D:3)
  Jessica (D:3)
  Ijyb (D:4)
  3 hell rats (Lair:4)
  4 worker ants
  4 hound skeletons
  3 mummies (Ossuary)
  17 gnolls
  11 adders
  A howler monkey skeleton (D:7)
  5 shadow imps
  An ooze (D:2)
  2 worms (D:4)
  A dart slug (D:1)
  2 leopard geckos
  46 orcs
  4 ball pythons
  3 bat skeletons (D:5)
  2 bat zombies (D:5)
  6 giant cockroaches
  26 goblins
  29 hobgoblins
  23 jackals
  17 kobolds
  5 quokkas
  3 bats
  2 frilled lizards
  A gnoll zombie (Ossuary)
  2 goblin zombies (Ossuary)
  5 hobgoblin zombies (Ossuary)
  3 kobold zombies (Ossuary)
  5 rats
483 creatures vanquished.

Vanquished Creatures (collateral kills)
  The ghost of Gorice the Severer, an adept HOWn of Beogh (Lair:3)
  The ghost of Torax the Martial Artist, a journeyman OpMo of Wu Jian (D:10)
  Urug (Lair:3)
  A wolf spider zombie (D:10)
  A cyclops (D:11)
  A centaur skeleton (D:11)
  A centaur (D:10)
  A bullfrog (Lair:4)
  2 hell rats (Lair:4)
10 creatures vanquished.

Vanquished Creatures (others)
  5 dream sheep (D:7)
  An adder (D:2)
  A goblin (D:5)
  17 fungi
  10 plants
34 creatures vanquished.

Grand Total: 527 creatures vanquished

Notes
Turn   | Place    | Note
-------+----------+-------------------------------------------
     0 | D:1      | gmonis the Minotaur Berserker began the quest for the Orb.
     0 | D:1      | Reached XP level 1. HP: 19/19 MP: 0/0
   285 | D:1      | Reached XP level 2. HP: 27/27 MP: 1/1
   813 | D:2      | Reached XP level 3. HP: 33/33 MP: 2/2
  1255 | D:2      | Found a radiant altar of Vehumet.
  1331 | D:2      | Reached skill level 5 in Maces & Flails
  1405 | D:2      | Reached ** piety under Trog
  1566 | D:3      | Noticed Terence
  1573 | D:3      | Killed Terence
  1573 | D:3      | Reached XP level 4. HP: 40/40 MP: 3/3
  1680 | D:3      | Found a deep blue altar of Sif Muna.
  1708 | D:3      | You fall through a shaft!
  1708 | D:4      | Found Zukleib's Weapon Shop.
  1741 | D:4      | Reached XP level 5. HP: 24/46 MP: 4/4
  2071 | D:4      | Reached XP level 6. HP: 51/52 MP: 5/5
  2088 | D:3      | Noticed Jessica
  2092 | D:3      | Killed Jessica
  2118 | D:3      | Noticed melvinkitnick's ghost (amateur SpEn)
  2273 | D:3      | Killed melvinkitnick's ghost
  2375 | D:3      | Found a glowing golden altar of the Shining One.
  2831 | D:3      | Noticed Grinder
  2845 | D:3      | Killed Grinder
  2845 | D:3      | Reached XP level 7. HP: 30/58 MP: 6/6
  3161 | D:4      | Found a stormy altar of Qazlal.
  3236 | D:4      | Noticed Menkaure
  3462 | D:4      | Killed Menkaure
  3462 | D:4      | Reached skill level 10 in Maces & Flails
  3966 | D:4      | Reached *** piety under Trog
  4051 | D:4      | Noticed Ijyb
  4072 | D:4      | Killed Ijyb
  4542 | D:5      | Entered Level 5 of the Dungeon
  4566 | D:5      | Noticed tof's ghost (novice GnMo)
  4580 | D:5      | Killed tof's ghost
  4580 | D:5      | Reached XP level 8. HP: 50/66 MP: 7/7
  4637 | D:5      | Found a sand-covered staircase.
  4698 | Ossuary  | Entered an ossuary
  5525 | D:5      | Found Yphehori's Food Shop.
  5738 | D:5      | Noticed Blork the orc
  5803 | D:5      | Killed Blork the orc
  6353 | D:5      | Reached XP level 9. HP: 57/71 MP: 8/8
  6465 | D:5      | Reached **** piety under Trog
  6855 | D:5      | Found an ancient bone altar of Kikubaaqudgha.
  7078 | D:6      | Found an iron altar of Okawaru.
  7174 | D:6      | Reached skill level 5 in Fighting
  7288 | D:6      | Reached ***** piety under Trog
  7292 | D:6      | Found a sacrificial altar of Ru.
  7329 | D:6      | Found a sparkling altar of Nemelex Xobeh.
  7398 | D:6      | Found a staircase to the Ecumenical Temple.
  7407 | Temple   | Entered the Ecumenical Temple
  7833 | D:6      | Noticed Sigmund
  7845 | D:6      | Killed Sigmund
  7944 | D:6      | Reached skill level 5 in Armour
  8126 | D:7      | Found a sacrificial altar of Ru.
  8528 | D:7      | Found a shimmering altar of Xom.
  8746 | D:7      | Noticed a two-headed ogre
  8755 | D:7      | Killed a two-headed ogre
  8755 | D:7      | Reached XP level 10. HP: 38/86 MP: 9/9
  9294 | D:7      | Found a glowing silver altar of Zin.
  9594 | D:8      | Noticed a two-headed ogre
  9608 | D:8      | Killed a two-headed ogre
  9832 | D:8      | Found a shadowy altar of Dithmenos.
  9857 | D:8      | Found a staircase to the Lair.
 10923 | D:9      | Found a basalt altar of Yredelemnul.
 10958 | D:9      | Found a snail-covered altar of Cheibriados.
 11128 | D:9      | Found a shadowy altar of Dithmenos.
 11563 | D:9      | Noticed a two-headed ogre
 11580 | D:9      | Killed a two-headed ogre
 11580 | D:9      | Reached skill level 10 in Armour
 11602 | D:9      | HP: 4/93 [orc warrior/glaive (9)]
 12188 | D:10     | Entered Level 10 of the Dungeon
 12222 | D:10     | Reached XP level 11. HP: 46/99 MP: 10/10
 12449 | D:10     | Reached skill level 10 in Fighting
 12550 | D:10     | Noticed Torax's ghost (journeyman OpMo)
 12568 | D:10     | Killed Torax's ghost
 12641 | D:10     | Noticed a two-headed ogre
 12654 | D:10     | Killed a two-headed ogre
 12654 | D:10     | Reached skill level 5 in Dodging
 12882 | D:10     | Found a staircase to the Orcish Mines.
 13430 | D:10     | Gained mutation: Your flesh is cold resistant. (rC+) [potion of mutation]
 13430 | D:10     | Gained mutation: Your flesh is heat resistant. (rF+) [potion of mutation]
 13474 | D:10     | HP: 3/101 [something (4)]
 14625 | D:11     | Noticed a two-headed ogre
 14635 | D:11     | Killed a two-headed ogre
 14972 | D:11     | Noticed Grum
 14972 | D:11     | Noticed a white ugly thing
 14984 | D:11     | Noticed a brown ugly thing
 14984 | D:11     | Killed Grum
 14990 | D:11     | Killed a white ugly thing
 15333 | D:11     | Killed an unseen horror
 15435 | D:11     | Noticed a two-headed ogre
 15447 | D:11     | Killed a two-headed ogre
 15508 | D:11     | Reached XP level 12. HP: 105/111 MP: 11/11
 16342 | D:11     | Received a gift from Trog
 16751 | D:12     | Found Ziutt's Magic Scroll Boutique.
 18029 | Lair:1   | Entered Level 1 of the Lair of Beasts
 19271 | Lair:2   | Noticed a four-headed hydra
 19287 | Lair:2   | Killed a four-headed hydra
 19837 | Lair:2   | Reached skill level 15 in Armour
 19917 | Lair:2   | Noticed an eight-headed hydra
 19938 | Lair:2   | Killed an eight-headed hydra
 20523 | Lair:2   | Found a staircase to the Swamp.
 20718 | Lair:3   | Noticed an eight-headed hydra
 20731 | Lair:3   | Killed an eight-headed hydra
 20956 | Lair:3   | Noticed Gorice's ghost (adept HOWn)
 20959 | Lair:3   | Noticed Urug
 20988 | Lair:3   | Killed Gorice's ghost
 20988 | Lair:3   | Reached XP level 13. HP: 115/124 MP: 12/12
 20995 | Lair:3   | Killed Urug
 21649 | Lair:3   | Found a glowing silver altar of Zin.
 21894 | Lair:3   | Received a gift from Trog
 22529 | Lair:4   | Found a hole to the Spider Nest.
 23713 | Lair:5   | Reached skill level 15 in Maces & Flails
 23815 | Lair:5   | Noticed Kirke
 24306 | Lair:4   | HP: 3/124 [manticore/volley of spikes[Kirke] (17)]
 24307 | Lair:4   | Succumbed to barbed spike wounds

Vault maps used:
D:1:      dpeg_arrival_pond
D:2:      fiery_altar_vehumet, first_ration
D:3:      marbit_many_paths, lemuel_blue_sif_altar, hangedman_glass_teeth,
          uniq_jessica, uniq_grinder, uniq_terence
D:4:      lemuel_round_altar, serial_shops, shop, uniq_ijyb, uniq_menkaure
D:5:      minmay_goblin_kobold_castle, kennysheep_vampire_church, serial_shops,
          nicolae_shop_crystal, nicolae_ossuary_entry_monument,
          uniq_blork_the_orc
D:6:      okawaru_trees_1, nemelex_xobeh_ov_fountains_minmay,
          lemuel_temple_firewalk_b, small_statue_intersection,
          minmay_crystal_room, hangedman_ru_absence, uniq_sigmund
D:7:      zin_scriptorium, kb_xom_exploding_sheep, basic_altar
D:8:      lair_entry_dummy, basic_altar, the_bakery,
          eino_small_chamber_without_monster, minmay_misc_feat_ornament,
          minivault_27, kennysheep_generic_room_8
D:9:      kennysheep_mini_moat, nicolae_dithmenos_through_a_glass_darkly,
          nicolae_overflow_hidden_temple
D:10:     cheibrodos_iron_armory, orc_0_dummy, minivault_25
D:11:     uniq_grum
D:12:     serial_shops, shop
D:13:     grunt_vaults_entry_fortified, uniq_snorg
Temple:   dpeg_chambers_temple
Lair:1:   infiniplex_staircase_pool, serial_bayou_shore_a, grunt_megastairs_2
Lair:2:   swamp_mist_pool, uniq_urug
Lair:3:   basic_altar, grunt_megastairs_3
Lair:4:   spider_nest_entry_web_field, infiniplex_staircase_pool_2,
          lemuel_fruit_tree
Lair:5:   hangedman_lair_unloving_vines, beast_lair_carwin_3, uniq_kirke
Ossuary:  ossuary_kennysheep_city_of_the_dead

Skill      XL: |  1  2  3  4  5  6  7  8  9 10 11 12 13 |
---------------+----------------------------------------+-----
Maces & Flails | 4 5 6 7 9 11 13 14 15 | 15.3
Fighting       | 7 9 11 14 | 14.3
Armour         | 6 10 13 15 | 15.8
Dodging        | 3 4 6 7 |  7.0

Action                   |  1- 3 |  4- 6 |  7- 9 | 10-12 | 13-15 || total
-------------------------+-------+-------+-------+-------+-------++-------
Melee: Mace              |    57 |   121 |   411 |  1004 |    84 ||  1677
       Headbutt          |     6 |     8 |    79 |   244 |    56 ||   393
       Great mace        |       |       |       |       |   128 ||   128
       Unarmed           |       |       |       |       |     7 ||     7
 Fire: Hunting sling     |    14 |       |    13 |    61 |     2 ||    90
Invok: Berserk           |     1 |     3 |     9 |    15 |     3 ||    31
       Trog's Hand       |       |     2 |     2 |     6 |     3 ||    13
       Brothers in Arms  |       |       |       |     4 |     1 ||     5
       Burn Spellbooks   |       |       |       |     2 |       ||     2
  Use: Scroll            |     1 |       |     3 |     7 |       ||    11
       Potion            |       |       |       |    11 |       ||    11
 Stab: Distracted        |       |       |       |     1 |       ||     1
  Eat: Chunk             |     2 |     7 |    18 |    31 |     7 ||    65
       Ration            |       |       |     3 |     8 |     2 ||    13
Armor: Animal skin       |    13 |       |       |       |       ||    13
       Ring mail         |     7 |    33 |    10 |       |       ||    50
       Chain mail        |       |       |   158 |   496 |       ||   654
       Plate armour      |       |       |       |   134 |   160 ||   294
Dodge: Dodged            |    47 |    57 |   216 |   508 |   139 ||   967

Table legend:
 A = Spawn XP
 B = Non-spawn XP
 C = Spawn XP percentage of total XP
 D = Spawn monster count
 E = Non-spawn monster count
 F = Spawn count percentage of total count
 G = Total turns spent on level
                    A         B        C        D         E        F      G
               +---------+---------+-------+---------+---------+-------+---------
         Total |       0 |   50333 |   0.0 |       0 |     493 |   0.0 | 24307
               +---------+---------+-------+---------+---------+-------+---------
           D:1 |       0 |      26 |   0.0 |       0 |      15 |   0.0 |   748
           D:2 |       0 |      37 |   0.0 |       0 |      11 |   0.0 |   818
           D:3 |       0 |     496 |   0.0 |       0 |      20 |   0.0 |  1195
           D:4 |       0 |     710 |   0.0 |       0 |      43 |   0.0 |  1781
           D:5 |       0 |    1674 |   0.0 |       0 |      87 |   0.0 |  1806
           D:6 |       0 |    1090 |   0.0 |       0 |      28 |   0.0 |   770
           D:7 |       0 |    1596 |   0.0 |       0 |      17 |   0.0 |  1484
           D:8 |       0 |    2524 |   0.0 |       0 |      23 |   0.0 |  1609
           D:9 |       0 |    2466 |   0.0 |       0 |      28 |   0.0 |  1484
          D:10 |       0 |    3848 |   0.0 |       0 |      30 |   0.0 |  1999
          D:11 |       0 |    9045 |   0.0 |       0 |      53 |   0.0 |  1867
          D:12 |       0 |    2024 |   0.0 |       0 |      18 |   0.0 |  1465
          D:13 |       0 |     402 |   0.0 |       0 |       1 |   0.0 |    59
        Lair:1 |       0 |    2560 |   0.0 |       0 |      14 |   0.0 |  1158
        Lair:2 |       0 |    8066 |   0.0 |       0 |      33 |   0.0 |  1521
        Lair:3 |       0 |    5464 |   0.0 |       0 |      14 |   0.0 |  1603
        Lair:4 |       0 |    4286 |   0.0 |       0 |      29 |   0.0 |  1533
        Lair:5 |       0 |    3700 |   0.0 |       0 |      13 |   0.0 |   463
       Ossuary |       0 |     319 |   0.0 |       0 |      16 |   0.0 |   727
               +---------+---------+-------+---------+---------+-------+---------
